 Dungeon Crawl Stone Soup version 0.30.1-11-g7821555f0a (webtiles) character file.

Game seed: 16214969584822007646

21 Ijustatesigmund the Digger (level 2, 0/16 HPs)
             Began as a Gargoyle Earth Elementalist on Nov 16, 2023.
             Killed by divine providence
             ... invoked by an orc priest
              (16 damage)
             ... on level 2 of the Dungeon.
             The game lasted 00:01:58 (1175 turns).

Ijustatesigmund the Digger (GrEE)                   Turns: 1175, Time: 00:01:58

Health: 0/16       AC:  5    Str: 11    XL:     2   Next: 83%
Magic:  3/5        EV: 11    Int: 15    God:
Gold:   102        SH:  0    Dex: 10    Spells: 4/5 levels left

rFire   . . .        e - +0 mace
rCold   . . .        (no shield)
rNeg    + . .        a - +0 robe
rPois   ∞            (no helmet)
rElec   +            c - +0 cloak
rCorr   .            (no gloves)
SInv    .            (no boots)
Will    .....        (no amulet)
Stlth   ++           (no ring)
HPRegen 0.22/turn    (no ring)
MPRegen 0.09/turn

%: no passive effects
@: no status effects
A: sickness immunity, AC +2, negative energy resistance 1, electricity
resistance, torment resistance 1, petrification resistance
a: no special abilities


You were on level 2 of the Dungeon.
You visited 1 branch of the dungeon, and saw 2 of its levels.

You collected 102 gold pieces.

Inventory:

Hand Weapons
 e - a +0 mace (weapon)
Armour
 a - a +0 robe (worn)
 c - a +0 cloak (worn)
Scrolls
 d - a scroll of blinking {unknown}
 f - 2 scrolls of fog {unknown}
 h - 2 scrolls of teleportation {unknown}
Potions
 b - a potion of magic
 g - 2 potions of might {unknown}


   Skills:
 + Level 1.3 Fighting
 + Level 0.0 Maces & Flails
 - Level 1.5 Dodging
 - Level 2.1 Stealth
 + Level 2.3 Spellcasting
 - Level 0.7 Transmutations
 + Level 4.0 Earth Magic


You had 4 spell levels left.
You knew the following spells:

 Your Spells              Type           Power      Damage    Failure   Level
a - Sandblast             Erth           26%        2d8       4%          1

Your spell library contained the following spells:

 Spells                   Type           Power      Damage    Failure   Level
 Passwall                 Tmut/Erth      6%         N/A       12%         2
 Summon Small Mammal      Summ           4%         N/A       22%         1
 Stone Arrow              Conj/Erth      14%        3d7       28%         3
 Dazzling Flash           Conj/Hex       2%         N/A       54%         3
 Portal Projectile        Hex/Tloc       2%         N/A       54%         3
 Tukima's Dance           Hex            1%         N/A       54%         3
 Petrify                  Tmut/Erth      8%         N/A       63%         4
 Summon Lightning Spire   Summ/Air       1%         N/A       91%         4
 Agony                    Necr           1%         N/A       99%         5
 Blade Hands              Tmut           1%         N/A       99%         5
 Silence                  Hex/Air        0%         N/A       99%         5
 Spellforged Servitor     Conj/Summ      0%         N/A       100%        7
 Summon Horrible Things   Summ           0%         N/A       100%        8


Dungeon Overview and Level Annotations

Branches:
Dungeon (2/15)

Altars:


Innate Abilities, Weirdness & Mutations

You are immune to sickness and miasma.
Your stone body is resilient. (AC +2)
You are immune to poison.
You resist negative energy. (rN+)
You are resistant to electric shocks. (rElec)
You are resistant to unholy torment.
You are immune to petrification.


Message History

Aiming: Sandblast (safe; 4% risk of failure)
Press: ? - help, Shift-Dir - straight line, f - orc
Aim: an orc, wielding a +0 club and wearing a +0 leather armour (82% to hit)
The blast of sand hits the orc!
You kill the orc!
The orc wizard points at you and mumbles some strange words.
You are confused.
You climb upwards.
There is a stone staircase leading down here.
You start resting.
You feel less confused.
You start resting.
Magic restored.
You climb downwards.
The orc wizard casts a spell at you. You resist with significant effort.
There is a stone staircase leading up here.
Casting: Sandblast (safe; 4% risk of failure)
Confirm with . or Enter, or press ? or * to list all spells.
Aiming: Sandblast (safe; 4% risk of failure)
Press: ? - help, Shift-Dir - straight line, f - orc wizard
Aim: an orc wizard, wielding a +0 dagger and wearing a +0 robe (77% to hit)
The blast of sand hits the orc wizard but does no damage.
The orc wizard casts a spell at you. You resist with significant effort.
Casting: Sandblast (safe; 4% risk of failure)
Confirm with . or Enter, or press ? or * to list all spells.
Aiming: Sandblast (safe; 4% risk of failure)
Press: ? - help, Shift-Dir - straight line, f/p - orc wizard
Aim: an orc wizard, wielding a +0 dagger and wearing a +0 robe (77% to hit)
The blast of sand hits the orc wizard.
The orc wizard is moderately wounded.
The orc wizard casts a spell at you. You resist with significant effort.
The orc priest calls upon Beogh to heal the orc wizard.
The orc wizard's wounds heal themselves!
The orc priest mumbles some strange prayers to Beogh against you.
Beogh smites you!
Ouch! That really hurt!
You die...

###<........#.#
#.#.####(...#
###.#.#####.#.#
...#.......o.#######
#.#...........!....
#.†........###.....
###o#####..# o####
#..#####o#####..# .#
#......@........# o#
.[.......#####..# o#
#.######## #..# o#
#..# o#


You could see an orc priest and an orc wizard.

Vanquished Creatures
  3 orcs
  A bat (D:1)
  2 endoplasms
  3 giant cockroaches
  A goblin (D:1)
  A ball python (D:2)
  2 kobolds
  4 rats
17 creatures vanquished.

Notes
Turn   | Place    | Note
-------+----------+-------------------------------------------
     0 | D:1      | Ijustatesigmund the Gargoyle Earth Elementalist began the
                  | quest for the Orb.
     0 | D:1      | Reached XP level 1. HP: 10/10 MP: 3/3
   170 | D:1      | Found a faded altar of an unknown god.
   345 | D:1      | Reached XP level 2. HP: 16/16 MP: 0/5
   882 | D:2      | Reached skill level 1 in Fighting
  1095 | D:2      | Got the Compilation of the Swarm
  1120 | D:1      | Reached skill level 4 in Earth Magic
  1175 | D:2      | Killed from afar by an orc priest

Illustrated notes

Levels and vault maps discovered:
D:1:      dpeg_arrival_houses_and_road, layout_basic,
          hellmonk_ecumenical_altar_defaced_shrine, grunt_decor_arrowhead,
          st_stairs_8
D:2:      layout_loops_ring, minmay_shallow_snake_nest

Skill      XL: |  1  2 |
---------------+-------+-----
Fighting       | 1 |  1.3
Earth Magic    | 4 |  4.0
Dodging        | |  1.5
Stealth        | |  2.1
Spellcasting   | |  2.3
Transmutations | |  0.7

Action                     || total
---------------------------++-------
  Melee: Mace              ||    18
   Cast: Sandblast         ||    28
 Armour: Robe              ||     7
  Dodge: Dodged            ||    18
